 Dungeon Crawl Stone Soup version 0.29.1-1-gd02db6906a (webtiles) character file.

Game seed: 3314139472117421273

16 hikkokomori the Digger (level 2, 0/16 HPs)
             Began as a Gargoyle Earth Elementalist on Oct 6, 2022.
             Slain by a hobgoblin (3 damage)
             ... on level 1 of the Dungeon.
             The game lasted 00:00:50 (344 turns).

hikkokomori the Digger (Gargoyle Earth Elementalist) Turns: 344, Time: 00:00:51

Health: 0/16       AC:  5    Str: 11    XL:     2   Next: 54%
Magic:  0/5        EV: 12    Int: 15    God:
Gold:   24         SH:  0    Dex: 10    Spells: 4/5 levels left

rFire   . . .      SeeInvis .   e - +0 mace
rCold   . . .      Faith    .   (no shield)
rNeg    + . .      Spirit   .   a - +0 robe
rPois   ∞          Reflect  .   (no helmet)
rElec   +          Harm     .   (no cloak)
rCorr   .          Rampage  .   (no gloves)
Will    .....                   d - +0 pair of boots
Stlth   ++........              (no amulet)
HPRegen 0.05/turn               (no ring)
MPRegen 0.09/turn               (no ring)

@: no status effects
A: sickness immunity, AC +2, negative energy resistance 1, electricity
resistance, torment resistance 1, petrification resistance
a: no special abilities


You were on level 1 of the Dungeon.
You visited 1 branch of the dungeon, and saw 1 of its levels.

You collected 24 gold pieces.

Inventory:

Hand Weapons
 e - a +0 mace (weapon)
Armour
 a - a +0 robe (worn)
 d - a +0 pair of boots (worn)
Scrolls
 g - 2 scrolls of teleportation {unknown}
 h - a scroll of identify {unknown}
Potions
 b - a potion of magic
 c - a potion of heal wounds {unknown}
 f - 3 potions of curing {unknown}


   Skills:
 + Level 1.2 Fighting
 - Level 1.6 Dodging
 - Level 2.2 Stealth
 - Level 2.0 Spellcasting
 - Level 0.8 Transmutations
 + Level 4.1 Earth Magic


You had 4 spell levels left.
You knew the following spells:

 Your Spells              Type           Power      Damage    Failure   Level
a - Sandblast             Erth           26%        2d8       4%          1

Your spell library contained the following spells:

 Spells                   Type           Power      Damage    Failure   Level
 Passwall                 Tmut/Erth      6%         N/A       12%         2
 Stone Arrow              Conj/Erth      14%        3d7       28%         3
 Petrify                  Tmut/Erth      8%         N/A       63%         4


Dungeon Overview and Level Annotations

Branches:
Dungeon (1/15)

Altars:


Innate Abilities, Weirdness & Mutations

You are immune to sickness and miasma.
Your stone body is resilient. (AC +2)
You are immune to poison.
You resist negative energy. (rN+)
You are resistant to electric shocks. (rElec)
You are resistant to unholy torment.
You are immune to petrification.


Message History

Confirm with . or Enter, or press ? or * to list all spells.
Aiming: Sandblast (safe; 4% risk of failure)
Press: ? - help, Shift-Dir - straight line, f/p - endoplasm
Aim: an endoplasm (almost dead, 98% to hit)
The blast of sand hits the endoplasm!
You kill the endoplasm!
The ball python bites you but does no damage.
The ball python constricts you.
The ball python bites you but does no damage.
The ball python constricts you. The rat bites you but does no damage.
The goblin hits you with a +0 club.
* * * LOW HITPOINT WARNING * * *
Casting: Sandblast (safe; 4% risk of failure)
Confirm with . or Enter, or press ? or * to list all spells.
Aiming: Sandblast (safe; 4% risk of failure)
Press: ? - help, Shift-Dir - straight line, f - ball python
Aim: a ball python (constricting you, 80% to hit)
The blast of sand hits the ball python!
You kill the ball python!
The rat bites you but does no damage. The goblin hits you but does no damage.
The rat closely misses you.
Casting: Sandblast (safe; 4% risk of failure)
Confirm with . or Enter, or press ? or * to list all spells.
Aiming: Sandblast (safe; 4% risk of failure)
Press: ? - help, Shift-Dir - straight line, f - goblin
Aim: a goblin, wielding a +0 club (77% to hit)
The blast of sand hits the goblin!
You kill the goblin!
The rat barely misses you. The rat closely misses you.
The hobgoblin hits you but does no damage.
The rat closely misses you. The hobgoblin closely misses you.
The rat misses you.
Your magical contamination has completely faded away.
Casting: Sandblast (safe; 4% risk of failure)
Confirm with . or Enter, or press ? or * to list all spells.
You don't have enough magic to cast this spell.
You barely miss the hobgoblin. The rat bites you.
* * * LOW HITPOINT WARNING * * *
The rat barely misses you. The hobgoblin hits you.
You die...

............#
#.....
..............#
##....
.........)....#
#....
..............#
#....
..............#
#....
..............#
#....
..............#
#....
..............#
#....
.......@).....###
#....
####..rgr........
#####
#.............
.................
###..............
#.............
#.............
...............
...............


You could see a hobgoblin and 2 rats.

Vanquished Creatures
  A dart slug (D:1)
  4 ball pythons (D:1)
  An endoplasm (D:1)
  2 goblins (D:1)
  A quokka (D:1)
  A frilled lizard (D:1)
  2 rats (D:1)
12 creatures vanquished.

Notes
Turn   | Place    | Note
-------+----------+-------------------------------------------
     0 | D:1      | hikkokomori the Gargoyle Earth Elementalist began the quest
                  | for the Orb.
     0 | D:1      | Reached XP level 1. HP: 10/10 MP: 3/3
   228 | D:1      | Reached XP level 2. HP: 16/16 MP: 5/5
   319 | D:1      | Reached skill level 1 in Fighting
   321 | D:1      | Reached skill level 4 in Earth Magic
   344 | D:1      | Slain by a hobgoblin

Illustrated notes

Levels and vault maps discovered:
D:1:      heliophobic_arrival_henge, layout_basic

Skill      XL: |  1  2 |
---------------+-------+-----
Fighting       | 1 |  1.2
Earth Magic    | 4 |  4.1
Dodging        | |  1.6
Stealth        | |  2.2
Spellcasting   | |  2.0
Transmutations | |  0.8

Action                   || total
-------------------------++-------
Melee: Mace              ||    21
 Cast: Sandblast         ||     7
 Stab: Sleeping          ||     2
Armor: Robe              ||    17
Dodge: Dodged            ||    33
